 Dungeon Crawl Stone Soup version 0.32-a0-43-g058985b245 (webtiles) character file.

Game seed: 5129314108425366223

525 Atlas the Magician (level 7, -1/48 HPs)
             Began as a Demonspawn Fire Elementalist on Feb 5, 2024.
             Slain by an iguana (9 damage)
             ... on level 4 of the Dungeon.
             The game lasted 00:04:50 (4326 turns).

Atlas the Magician (Demonspawn Fire Elementalist)   Turns: 4326, Time: 00:04:51

Health: -1/48      AC:  7    Str:  9    XL:     7   Next: 2%
Magic:  1/15       EV: 11    Int: 23    God:
Gold:   93         SH:  0    Dex: 13    Spells: 13/16 levels left

rFire   . . .        (no weapon)
rCold   . . .        (no shield)
rNeg    . . .        f - +0 leather armour
rPois   +            (no helmet)
rElec   .            (no cloak)
rCorr   .            (no gloves)
SInv    .            e - +1 pair of boots {rampage}
Will    .....        g - amulet of faith
Stlth   ++           r - +6 ring of intelligence
HPRegen 0.28/turn    q - ring of poison resistance
MPRegen 0.14/turn

%: rampage, faith
@: no status effects
A: claws 1, rugged brown scales 2, powered by pain 3
a: no special abilities


You were on level 4 of the Dungeon.
You visited 1 branch of the dungeon, and saw 5 of its levels.
You also visited: Ossuary.

You collected 93 gold pieces.

Inventory:

Armour
 e - a +1 pair of boots of rampaging (worn)
 f - a +0 leather armour (worn)
Jewellery
 g - an amulet of faith (around neck)
 h - a ring of positive energy
 q - a ring of poison resistance (right claw)
 r - a +6 ring of intelligence (left claw)
Scrolls
 a - a scroll of identify {unknown}
 b - a scroll of teleportation {unknown}
 c - 3 scrolls of noise
 d - 2 scrolls of enchant armour {unknown}
 i - 2 scrolls of fog {unknown}
 l - a scroll of butterflies {unknown}
 s - 2 scrolls of blinking {unknown}
 u - a scroll of fear {unknown}
 x - 3 scrolls of amnesia {unknown}
 y - a scroll of poison
Potions
 j - a potion of brilliance {unknown}
 k - 3 potions of heal wounds {unknown}
 m - 3 potions of curing {unknown}
 n - a potion of attraction {unknown}
 o - a potion of berserk rage {unknown}
 p - 3 potions of enlightenment {unknown}
 t - a potion of might {unknown}
 v - 2 potions of magic
 w - a potion of mutation {unknown}


   Skills:
 + Level 0.2 Fighting
 + Level 1.3 Armour
 + Level 2.1 Dodging
 + Level 1.9 Stealth
 + Level 0.9 Unarmed Combat
 + Level 5.3 Spellcasting
 + Level 2.0 Conjurations
 + Level 4.2 Fire Magic


You had 13 spell levels left.
You knew the following spells:

 Your Spells              Type           Power      Damage    Failure   Level
a - Scorch                Fire           50%        2d7       3%          2
b - Foxfire               Conj/Fire      80%        2x1d8     3%          1

Your spell library contained the following spells:

 Spells                   Type           Power      Damage    Failure   Level
 Inner Flame              Hex/Fire       15%        N/A       16%         3
 Volatile Blastmotes      Fire/Tloc      30%        2d12      16%         3
 Flame Wave               Conj/Fire      20%        2d7       34%         4


Dungeon Overview and Level Annotations

Branches:
Dungeon (5/15)            Ossuary (visited)
 Temple: D:4-7

Altars:

Shops:
D:1 !

Annotations:
D:3 1 runed translucent door, Ceno's ghost, amateur AtWr


Innate Abilities, Weirdness & Mutations

You have sharp fingernails.
You are mostly covered in rugged brown scales. (AC +2, +5% HP)
You are powered by pain.


Message History

The iguana completely misses you.
The centaur hits you but does no damage.
The centaur kicks you.
* * * LOW HITPOINT WARNING * * *
Unknown command.
Casting: Scorch (safe; 3% risk of failure)
Confirm with . or Enter, or press ? or * to list all spells.
You conjure some foxfire!
The centaur closely misses you. The centaur barely misses you.
The iguana misses you. The centaur hits you.
* * * LOW HITPOINT WARNING * * *
The centaur kicks you but does no damage.
Unknown command.
You barely miss the centaur.
The centaur is almost dead.
The centaur is no longer more vulnerable to fire.
The foxfire hits the centaur.
You kill the centaur!
The foxfire hits the iguana.
The iguana is heavily wounded.
The iguana bites you.
* * * LOW HITPOINT WARNING * * *
You have reached level 7!
Your demonic ancestry asserts itself...
Rugged brown scales spread over more of your body.
You scratch the iguana but do no damage.
The iguana is heavily wounded.
The iguana completely misses you.
You scratch the iguana but do no damage.
The iguana is heavily wounded.
The iguana closely misses you.
You scratch the iguana.
The iguana is severely wounded.
The iguana closely misses you.
You closely miss the iguana.
The iguana is severely wounded.
The iguana bites you but does no damage.
You scratch the iguana. Your claw misses the iguana.
The iguana is almost dead.
The iguana bites you!
You die...

#.####|.# #.##...##
.8.... ###....###
...... ####...####
#...... .....#.###
......>
######...######
...)... #
#...#....###.......
#
#..........l).8....
#####...#.#@)......
##....##......#
###### #######


You could see an iguana.

Vanquished Creatures
  An ogre (D:4)
  A centaur (D:4)
  A weeping skull (Ossuary)
  A burial acolyte (Ossuary)
  A jelly (D:4)
  Terence (D:2)
  4 mummies (Ossuary)
  3 gnolls (D:2)
  3 adders (D:2)
  A dart slug (D:2)
  4 ribbon worms
  6 orcs
  5 bats
  3 endoplasms (D:2)
  3 giant cockroaches (D:1)
  3 gnoll zombies (Ossuary)
  9 goblins
  7 hobgoblins
  A quokka (D:2)
  8 ball pythons
  4 frilled lizards
  A hobgoblin zombie (D:4)
  5 kobolds
  3 kobold zombies (Ossuary)
  2 orc zombies (Ossuary)
  4 rats
85 creatures vanquished.

Vanquished Creatures (others)
  220 foxfires
220 creatures vanquished.

Grand Total: 305 creatures vanquished

Notes
Turn   | Place    | Note
-------+----------+-------------------------------------------
     0 | D:1      | Atlas the Demonspawn Fire Elementalist began the quest for
                  | the Orb.
     0 | D:1      | Reached XP level 1. HP: 13/13 MP: 3/3
    87 | D:1      | Gained mutation: You sometimes gain a little power by
                  | taking damage. [demonic ancestry]
    87 | D:1      | Reached XP level 2. HP: 8/19 MP: 0/5
   293 | D:1      | Found Ybrof's Distillery.
  1095 | D:1      | Learned a level 2 spell: Scorch
  1400 | D:2      | Gained mutation: You sometimes gain power by taking damage.
                  | [demonic ancestry]
  1400 | D:2      | Reached XP level 3. HP: 24/24 MP: 1/6
  1875 | D:2      | Reached skill level 3 in Spellcasting
  2125 | D:2      | Gained mutation: You are powered by pain. [demonic
                  | ancestry]
  2125 | D:2      | Reached XP level 4. HP: 30/30 MP: 0/8
  2515 | D:2      | Noticed Terence
  2520 | D:2      | Killed Terence
  3083 | D:3      | Found a runed translucent door.
  3084 | D:3      | Noticed Ceno's ghost (amateur AtWr)
  3103 | D:3      | Gained mutation: You are partially covered in rugged brown
                  | scales. (AC +1, +3% HP) [demonic ancestry]
  3103 | D:3      | Reached XP level 5. HP: 30/36 MP: 7/10
  3105 | D:3      | Reached skill level 4 in Spellcasting
  3346 | D:3      | Found a faded altar of an unknown god.
  3425 | D:3      | You fall into a shaft and drop 2 floors!
  3425 | D:5      | Entered Level 5 of the Dungeon
  3646 | D:4      | Found a sand-covered staircase.
  3654 | Ossuary  | Entered an ossuary
  3904 | Ossuary  | Gained mutation: You have sharp fingernails. [demonic
                  | ancestry]
  3904 | Ossuary  | Reached XP level 6. HP: 33/42 MP: 5/13
  4066 | Ossuary  | Reached skill level 1 in Armour
  4313 | D:4      | Reached skill level 5 in Spellcasting
  4322 | D:4      | Gained mutation: You are mostly covered in rugged brown
                  | scales. (AC +2, +5% HP) [demonic ancestry]
  4322 | D:4      | Reached XP level 7. HP: 7/48 MP: 0/15
  4326 | D:4      | Slain by an iguana

Illustrated notes

Levels and vault maps discovered:
D:1:      tarquinn_simple_flora_water_b, layout_basic, serial_shops,
          nicolae_shop_tiny_statue_garden, minmay_misc_feat_alley
D:2:      layout_loops_corners, uniq_terence
D:3:      layout_basic, nicolae_dithmenos_shadow_blocks,
          hellmonk_ghost_happy_afterlife, ebering_ecumenical_altar_rust,
          lightli_corner_chamber
D:4:      layout_basic, enter_ossuary_3, st_stairs_1
D:5:      layout_basic, vehumet_crystals, okawaru_ov_weapons_minmay,
          minmay_temple_entry_nine_rooms

Skill      XL: |  1  2  3  4  5  6 |
---------------+-------------------+-----
Fire Magic     | 3 4 |  4.2
Spellcasting   | 3 4 5 |  5.3
Dodging        | 2 |  2.1
Armour         | 1 |  1.3
Conjurations   | 2 |  2.0
Fighting       | |  0.2
Stealth        | |  1.9
Unarmed Combat | |  0.9

Action                     |  1- 3 |  4- 6 |  7- 9 || total
---------------------------+-------+-------+-------++-------
  Melee: Unarmed           |    13 |    60 |     5 ||    78
   Cast: Foxfire           |    38 |    85 |       ||   123
         Scorch            |    25 |    35 |       ||    60
    Use: Potion            |       |     1 |       ||     1
 Armour: Robe              |    20 |       |       ||    20
         Leather armour    |     3 |    50 |     2 ||    55
  Dodge: Dodged            |    26 |    40 |     3 ||    69

Table legend: (Time is in decaauts)
 A = Elapsed time spent in this place.
 B = Non-inter-level travel time spent in this place.
 C = Inter-level travel time spent in this place.
 D = Time resting spent in this place.
 E = Time spent auto-exploring this place.
 F = Levels seen in this place.
 G = Mean time per level.
                   A        B        C        D        E       F      G
               +--------+--------+--------+--------+--------+-----+--------+
         Total |   4322 |   4249 |     73 |    303 |   3284 |   6 |  720.3 |
       Dungeon |   3680 |   3607 |     73 |    250 |   2843 |   5 |  736.0 |
       Ossuary |    642 |    642 |      0 |     53 |    441 |   1 |  642.0 |
               +--------+--------+--------+--------+--------+-----+--------+

Top non-repeatable levels by time:
     D:2: 1654 daAuts
     D:1: 1306 daAuts
 Ossuary: 642 daAuts
     D:3: 463 daAuts
     D:4: 229 daAuts
     D:5: 26 daAuts
